 Dungeon Crawl Stone Soup version 0.29-a0-575-g0dc89cf053 (webtiles) character file.

Game seed: 12196416127636344215

56 Bruhh the Slasher (level 3, -3/27 HPs)
             Began as a Merfolk Gladiator on June 13, 2022.
             Killed from afar by an orc wizard (11 damage)
             ... with a puff of flame
             ... on level 4 of the Dungeon.
             The game lasted 00:01:20 (1544 turns).

Bruhh the Slasher (Merfolk Gladiator)               Turns: 1544, Time: 00:01:20

Health: -3/27      AC:  4    Str: 14    XL:     3   Next: 97%
Magic:  3/3        EV: 13    Int:  7    God:
Gold:   57         SH:  0    Dex: 17    Spells: 2/2 levels left

rFire   . . .      SeeInvis .   a - +0 long sword
rCold   . . .      Faith    .   (no shield)
rNeg    . . .      Spirit   .   b - +0 leather armour
rPois   .          Reflect  .   c - +0 helmet
rElec   .          Harm     .   (no cloak)
rCorr   .          Rampage  .   (no gloves)
Will    .....                   (no boots)
Stlth   +.........              (no amulet)
HPRegen 0.09/turn               (no ring)
MPRegen 0.08/turn               (no ring)

@: no status effects
A: (nimble swimmer 2), mertail
a: no special abilities


You were on level 4 of the Dungeon.
You visited 1 branch of the dungeon, and saw 3 of its levels.

You collected 57 gold pieces.

Inventory:

Hand Weapons
 a - a +0 long sword (weapon)
Missiles
 d - 3 throwing nets (quivered)
 e - a javelin
Armour
 b - a +0 leather armour (worn)
 c - a +0 helmet (worn)
Scrolls
 f - a scroll of torment {unknown}
 k - 2 scrolls of teleportation {unknown}
 l - a scroll of fear {unknown}
 m - a scroll of identify {unknown}
 p - a scroll of enchant weapon {unknown}
Potions
 g - 3 potions of heal wounds {unknown}
 h - a potion of might {unknown}
 i - a potion of mutation {unknown}
 j - a potion of cancellation {unknown}
 n - a potion of haste {unknown}
 o - 2 potions of curing {unknown}


   Skills:
 - Level 2.1 Fighting
 + Level 5.7 Long Blades
 - Level 2.0 Throwing
 - Level 4.0 Dodging


You had 2 spell levels left.
You didn't know any spells.
Your spell library contained the following spells:

 Spells                   Type           Power      Damage    Failure   Level
 Conjure Flame            Conj/Fire      0%         6-21      87%         3
 Ignite Poison            Fire/Tmut/Pois 0%         N/A       87%         3
 Sticky Flame             Conj/Fire      0%         2d3       99%         4


Dungeon Overview and Level Annotations

Branches:
Dungeon (4/15)
 Temple: D:4-7

Altars:


Innate Abilities, Weirdness & Mutations

((You are very nimble when in or above water. (Stealth+, EV+, Speed+++)))
Your lower body shifts to a powerful aquatic tail in water.


Message History

Things that are here:
a +0 whip; a jackal corpse; an orc corpse A hobgoblin comes into view.
A hobgoblin is nearby!
A hobgoblin is nearby!
The hobgoblin shouts!
You hear a shout!
You hit the hobgoblin but do no damage. The hobgoblin barely misses you.
You completely miss the hobgoblin. The hobgoblin completely misses you.
You hit the hobgoblin but do no damage. The hobgoblin hits you.
You barely miss the hobgoblin. Your punch misses the hobgoblin.
The hobgoblin hits you.
You closely miss the hobgoblin. The hobgoblin closely misses you.
You slash the hobgoblin!
You kill the hobgoblin!
p - a scroll labelled HEKKU JOUXISOD An orc wizard comes into view.
It is wielding a +0 dagger.
An orc wizard is nearby!
An orc wizard is nearby!
The orc wizard shouts!
You hear a shout! x2
An orc comes into view. It is wielding a +0 mace.
The orc shouts!
The orc wizard closely misses you.
You hit the orc wizard.
The orc wizard is lightly wounded.
The orc wizard hits you with a +0 dagger.
You closely miss the orc wizard.
The orc wizard is lightly wounded.
The orc wizard gestures wildly while chanting.
The orc wizard flickers and vanishes!
Deactivating autopickup; reactivate with Ctrl-A.
Something hits you.
You barely miss something. Something hits you.
You hit something but do no damage. Something barely misses you.
You miss something. You punch something. Something hits you.
* * * LOW HITPOINT WARNING * * *
You miss something.
You hear some strange, mumbled words.
A puff of flame appears from out of thin air!
The puff of flame hits you!
You die...

............. .... .
........... . ..... ..
...$.....#.. ..... ...
.!...)..... ...##
..#.......... #...#
....#...##.
###.#.#########.........
#.........@{o.))....#
.##...(.....######.##.#
#...........# #...
.#....>....# #####
#.........# #.........#
#.........# #.........#
###########


You could see an orc.

Vanquished Creatures
  2 worms (D:2)
  A dart slug (D:2)
  An orc (D:4)
  4 ball pythons
  4 endoplasms
  2 giant cockroaches (D:1)
  4 goblins
  4 hobgoblins
  5 jackals
  4 kobolds
  5 bats
  2 frilled lizards (D:1)
  3 rats
41 creatures vanquished.

Vanquished Creatures (others)
  5 plants (D:2)
5 creatures vanquished.

Grand Total: 46 creatures vanquished

Notes
Turn   | Place    | Note
-------+----------+-------------------------------------------
     0 | D:1      | Bruhh the Merfolk Gladiator began the quest for the Orb.
     0 | D:1      | Reached XP level 1. HP: 16/16 MP: 1/1
   205 | D:1      | Reached skill level 4 in Long Blades
   216 | D:1      | Reached XP level 2. HP: 22/22 MP: 2/2
   766 | D:2      | Reached skill level 5 in Long Blades
   766 | D:2      | Reached XP level 3. HP: 25/27 MP: 3/3
  1399 | D:2      | Identified the +1 long sword "Laemubleick" {freeze, MP+9
                  | Dex+2 Stlth+}
  1430 | D:2      | You fall into a shaft and drop 2 floors!
  1544 | D:4      | Killed from afar by an orc wizard

Illustrated notes

Levels and vault maps discovered:
D:1:      psy_arrival_dodecagon, layout_rooms
D:2:      layout_loops_corners, serial_forest, infiniplex_forest_clump_tiny,
          infiniplex_forest_straight_4, infiniplex_forest_clump_small,
          infiniplex_forest_zigzag_1, infiniplex_forest_end_1,
          infiniplex_forest_clump_double, infiniplex_forest_straight_4,
          kennysheep_potato
D:4:      layout_rooms, minmay_snake_closets, uniq_robin

Skill      XL: |  1  2 |
---------------+-------+-----
Long Blades    | 4 5 |  5.7
Fighting       | |  2.1
Throwing       | |  2.0
Dodging        | |  4.0

Action                   || total
-------------------------++-------
Melee: Long sword        ||   124
       Punch             ||     2
 Stab: Sleeping          ||     2
Armor: Leather armour    ||    29
Dodge: Dodged            ||    86

Table legend: (Time is in decaauts)
 A = Elapsed time spent in this place.
 B = Non-inter-level travel time spent in this place.
 C = Inter-level travel time spent in this place.
 D = Time resting spent in this place.
 E = Time spent auto-exploring this place.
 F = Levels seen in this place.
 G = Mean time per level.
                   A        B        C        D        E       F      G
               +--------+--------+--------+--------+--------+-----+--------+
         Total |   1560 |   1531 |     29 |      0 |   1240 |   3 |  520.0 |
       Dungeon |   1560 |   1531 |     29 |      0 |   1240 |   3 |  520.0 |
               +--------+--------+--------+--------+--------+-----+--------+

Top non-repeatable levels by time:
     D:1: 768 daAuts
     D:2: 675 daAuts
     D:4: 116 daAuts
